 Dungeon Crawl Stone Soup version 0.30-a0-509-gd016549fea (webtiles) character file.

Game seed: 15488223793683941557

19 tsouns the Insei (level 2, 0/18 HPs)
             Began as an Octopode Transmuter on Dec 22, 2022.
             Slain by a gnoll
             ... wielding a +0 spear
              (3 damage)
             ... on level 1 of the Dungeon.
             The game lasted 00:01:29 (452 turns).

tsouns the Insei (Octopode Transmuter)               Turns: 452, Time: 00:01:30

Health: 0/18       AC:  1    Str:  9    XL:     2   Next: 75%
Magic:  5/5        EV: 13    Int: 15    God:
Gold:   32         SH:  5    Dex: 12    Spells: 4/5 levels left

rFire   + . .      SeeInvis .      - Unarmed
rCold   + . .      Faith    .    (no shield)
rNeg    + . .      Spirit   .    (helmet restricted)
rPois   +          Reflect  +    b - amulet of reflection
rElec   +          Harm     .    i - ring of positive energy
rCorr   +          Rampage  .    (no ring)
Will    .....                    (no ring)
Stlth   +++.......               (no ring)
HPRegen 0.23/turn                (no ring)
MPRegen 0.09/turn                (no ring)
                                 (no ring)
                                 (no ring)

@: resistant
A: almost no armour, amphibious, 8 rings, camouflage 1, gelatinous body 1,
(nimble swimmer 1), tentacles
a: no special abilities


You were on level 1 of the Dungeon.
You visited 1 branch of the dungeon, and saw 2 of its levels.

You collected 32 gold pieces.

Inventory:

Armour
 g - an orb of energy
Jewellery
 b - an amulet of reflection (around mantle)
 i - a ring of positive energy (left tentacle)
Scrolls
 d - 2 scrolls of enchant weapon {unknown}
 e - a scroll of teleportation {unknown}
 h - 2 scrolls of identify {unknown}
 j - a scroll of blinking {unknown}
Potions
 a - a potion of lignification
 c - a potion of curing {unknown}


   Skills:
 + Level 1.4 Fighting
 - Level 2.0 Dodging
 + Level 1.2 Stealth
 * Level 3.4 Unarmed Combat
 - Level 2.0 Spellcasting
 + Level 2.2 Transmutations


You had 4 spell levels left.
You knew the following spells:

 Your Spells              Type           Power      Damage    Failure   Level
a - Beastly Appendage     Tmut           16%        N/A       9%          1

Your spell library contained the following spells:

 Spells                   Type           Power      Damage    Failure   Level
 Wereblood                Tmut           8%         N/A       13%         2
 Spider Form              Tmut/Pois      4%         N/A       38%         3
 Ice Form                 Ice/Tmut       4%         N/A       80%         4


Dungeon Overview and Level Annotations

Branches:
Dungeon (2/15)

Altars:


Innate Abilities, Weirdness & Mutations

You cannot wear most types of armour.
You are amphibious.
You can wear up to eight rings at the same time.
Your skin changes colour to match your surroundings (Stealth+).
Your rubbery body absorbs attacks. (AC +1, EV +1)
((You are camouflaged when in or above water. (Stealth+)))
You have tentacles for arms and can constrict up to eight enemies at once.


Message History

You open the door.
h - 2 scrolls labelled NOIGGAJAEQ (gained 1)
You open the door.
An endoplasm, a kobold and a ball python come into view.
A gnoll comes into view. It is wielding a +0 spear.
There is an open door here.
The gnoll shouts!
The endoplasm freezes you.
You are frozen.
The ball python hisses angrily.
You tentacle-slap the endoplasm.
The endoplasm is moderately wounded.
You block the gnoll's attack. The endoplasm hits you.
The kobold attacks as you move away!
The kobold hits you with a +0 short sword.
The kobold attacks as you move away!
The kobold hits you with a +0 short sword.
There is an open door here.
The kobold attacks as you move away! You block the kobold's attack.
You closely miss the kobold. Your grab misses the kobold.
Your squeeze misses the kobold.
The kobold hits you with a +0 short sword.
You tentacle-slap the kobold but do no damage.
You grab the kobold. You tentacle-slap the kobold.
The kobold is heavily wounded.
You constrict the kobold, but do no damage.
The kobold hits you with a +0 short sword.
* * * LOW HITPOINT WARNING * * *
You tentacle-slap the kobold.
You kill the kobold!
You tentacle-slap the endoplasm.
You squeeze the endoplasm, but do no damage.
The endoplasm is almost dead.
You tentacle-slap the endoplasm.
You kill the endoplasm!
The ball python barely misses you. The ball python misses you.
It was a potion of resistance.
You feel protected.
The gnoll hits you from afar with a +0 spear.
You die...

#........# #........#
#........# #........###
+...........
#........### ####g#####
#S# ####@########
..#.....#.....# #
#.......#.....# ...
#.#.##...####.####....#
#......................
#..#.#.....#..#########
#. #.#...........#.....
.. . ...##...###.#.<.##
...##.#....# #...#


You could see a gnoll and a ball python.

Vanquished Creatures
  2 endoplasms (D:1)
  4 giant cockroaches
  2 goblins
  A hobgoblin (D:2)
  2 kobolds (D:1)
  A ball python (D:2)
  2 bats
  3 rats
17 creatures vanquished.

Notes
Turn   | Place    | Note
-------+----------+-------------------------------------------
     0 | D:1      | tsouns the Octopode Transmuter began the quest for the Orb.
     0 | D:1      | Reached XP level 1. HP: 13/13 MP: 3/3
    74 | D:1      | You fall into a shaft and drop 1 floor!
   107 | D:2      | Reached XP level 2. HP: 18/18 MP: 5/5
   199 | D:2      | Reached skill level 1 in Stealth
   452 | D:1      | Slain by a gnoll

Illustrated notes

Levels and vault maps discovered:
D:1:      psy_arrival_conway, layout_basic, nicolae_ecumenical_lake_church,
          minmay_tree_intersection
D:2:      layout_basic, serial_curves, eino_curves_02, eino_curves_02

Skill      XL: |  1  2 |
---------------+-------+-----
Stealth        | 1 |  1.2
Fighting       | |  1.4
Dodging        | |  2.0
Unarmed Combat | |  3.4
Spellcasting   | |  2.0
Transmutations | |  2.2

Action                   || total
-------------------------++-------
Melee: Unarmed           ||    43
       Constrict         ||    10
       Tentacles         ||     6
       Punch             ||     2
  Use: Potion            ||     1
 Stab: Sleeping          ||     3
Armor: Skin              ||     3
Dodge: Dodged            ||    28
Block: Other             ||     3

Table legend: (Time is in decaauts)
 A = Elapsed time spent in this place.
 B = Non-inter-level travel time spent in this place.
 C = Inter-level travel time spent in this place.
 D = Time resting spent in this place.
 E = Time spent auto-exploring this place.
 F = Levels seen in this place.
 G = Mean time per level.
                   A        B        C        D        E       F      G
               +--------+--------+--------+--------+--------+-----+--------+
         Total |    448 |    448 |      0 |      0 |    297 |   2 |  224.0 |
       Dungeon |    448 |    448 |      0 |      0 |    297 |   2 |  224.0 |
               +--------+--------+--------+--------+--------+-----+--------+

Top non-repeatable levels by time:
     D:2: 265 daAuts
     D:1: 183 daAuts
